 Dungeon Sprint DCSS version 0.15-a0-1472-ge546950 (webtiles) character file.

545 PolkaDot the Unseen (level 7, -6/60 HPs)
             Began as a Vampire Assassin on June 11, 2014.
             Was an Initiate of Dithmenos.
             Mangled by Sonja
             ... wielding a +0,+0 short sword of distortion
              (18 damage)
             ... in the Dungeon (Sprint I: "Red Sonja") on June 13, 2014.
             The game lasted 00:04:17 (281 turns).

PolkaDot the Unseen (Vampire Assassin)               Turns: 281, Time: 00:04:17

HP  -6/60        AC  3     Str 10      XL: 7   Next:  6%
MP   7/7         EV 12     Int 13      God: Dithmenos [......]
Gold 196         SH  0     Dex 17      Spells:  0 memorised,  6 levels left

rFire  . . .     SeeInvis +     b - +0 blowgun
rCold  . . .     Clarity  .     c - +0 robe
rNeg   + . .     rCorr    .     (no shield)
rPois  .         rRot     .     (no helmet)
rElec  .         Spirit   .     d - +0 cloak
SustAb .         Warding  .     (no gloves)
rMut   .         NoTele   +     (no boots)
Gourm  .                        (no amulet)
MR     .....                    (no ring)
                                (no ring)

@: hasted, very quick, not resistant to hostile enchantments, extremely stealthy
A: bottle blood, fangs 3, see invisible, unbreathing
a: Bat Form, Bottle Blood, Renounce Religion


You were in the Dungeon.
You worshipped Dithmenos.
Dithmenos was noncommittal.
You were not thirsty.

You visited 1 branch You collected 196 gold pieces.

Inventory:

Hand weapons
 a - a +2,+2 dagger
 b - a +0 blowgun (weapon)
Missiles
 e - a poisoned needle (quivered)
 f - 9 curare-tipped needles
Armour
 c - a +0 robe (worn)
 d - a +0 cloak (worn)
Scrolls
 m - a scroll of blinking
Potions
 g - a potion of blood {@w2}
 k - 2 potions of magic
 l - a potion of berserk rage


   Skills:
 - Level 7.1 Fighting
 + Level 9.4 Short Blades
 - Level 1.5 Throwing
 - Level 1.1 Dodging
 * Level 15.7 Stealth


You had 6 spell levels left.
You didn't know any spells.

Dungeon Overview and Level Annotations

Branches:
Dungeon (1/1)

Altars:
Cheibriados
Dithmenos
Elyvilon
Fedhas
Gozag
Kikubaaqudgha
Makhleb
Nemelex Xobeh
Okawaru
Qazlal
Sif Muna
Trog
Vehumet
Xom
Yredelemnul
Zin
The Shining One
Jiyva

Shops:
D (

Annotations:
D Sonja


Innate Abilities, Weirdness & Mutations

You can bottle blood from corpses.
You have razor-sharp teeth.*
You have supernaturally acute eyesight.
You can survive without breathing.*


Message History

* * * LOW HITPOINT WARNING * * *
Sonja misses you.
Drink which item? (? for menu, Esc to quit)
You feel much better. Sonja hits you but does no damage.
Space warps horribly around you!
Sonja hits you with an uncursed short sword of distortion.
Space bends around you.
Sonja hits you with an uncursed short sword of distortion.
You feel a strange sense of stasis.
Sonja hits you with an uncursed short sword of distortion.
* * * LOW HITPOINT WARNING * * *
You feel a strange sense of stasis. Sonja hits you but does no damage.
Sonja closely misses you.
Drink which item? (? for menu, Esc to quit)
You feel yourself speed up.
Sonja hits you with an uncursed short sword of distortion.
* * * LOW HITPOINT WARNING * * *
You feel a strange sense of stasis. Sonja hits you but does no damage.
Space warps horribly around you!
You die...

###################
#<.#.)'..#.)'..#__#
#..'..#.)'..#..'..+
#..#####'#####'#__# ##
#..####..#...#%####$?#
#..#__####..##(#≈§≈.c#
#..#_...K##'#..+§§§§
#⌠⌠#_.∩..@+..._#
####_..._##_.#'#
#_____###'#%#
#########.### +$.$+
#$..# ##.## #+#


You could see Sonja.

Vanquished Creatures
  A slime creature (D)
  A yak (D)
  An ogre (D)
  Sigmund (D)
  A jelly (D)
  Ijyb (D)
6 creatures vanquished.

Notes
Turn   | Place    | Note
--------------------------------------------------------------
     0 | D        | PolkaDot, the Vampire Assassin, began the quest for the Orb.
     0 | D        | Reached XP level 1. HP: 16/16 MP: 1/1
     2 | D        | Noticed Ijyb
     4 | D        | Killed Ijyb
     4 | D        | Reached skill level 9 in Stealth
     4 | D        | Reached XP level 2. HP: 22/22 MP: 2/2
     9 | D        | Noticed an ogre
    11 | D        | Killed an ogre
    11 | D        | Reached skill level 11 in Stealth
    11 | D        | Reached XP level 3. HP: 27/27 MP: 3/3
    11 | D        | Reached XP level 4. HP: 33/33 MP: 4/4
    23 | D        | Noticed Sigmund
    25 | D        | Killed Sigmund
    25 | D        | Reached skill level 12 in Stealth
    25 | D        | Reached XP level 5. HP: 38/38 MP: 5/5
    38 | D        | Found a deep blue altar of Sif Muna.
    39 | D        | Noticed a jelly
    42 | D        | Found a snail-covered altar of Cheibriados.
    42 | D        | Found a viscous altar of Jiyva.
    42 | D        | Found a shadowy altar of Dithmenos.
    42 | D        | Found a blossoming altar of Fedhas.
    42 | D        | Noticed a slime creature
    45 | D        | Killed a slime creature
    45 | D        | Reached skill level 14 in Stealth
    45 | D        | Reached XP level 6. HP: 42/53 MP: 6/6
    47 | D        | Became a worshipper of Dithmenos the Shadowed
    54 | D        | Found a radiant altar of Vehumet.
    58 | D        | Killed a jelly
    78 | D        | Found Kisog's Weapon Emporium.
    78 | D        | Found a white marble altar of Elyvilon.
    78 | D        | Found a stormy altar of Qazlal.
    78 | D        | Found a burning altar of Makhleb.
    78 | D        | Found a basalt altar of Yredelemnul.
    78 | D        | Found a glowing golden altar of the Shining One.
    78 | D        | Found a sparkling altar of Nemelex Xobeh.
    78 | D        | Found a shimmering altar of Xom.
    78 | D        | Found an opulent altar of Gozag.
    78 | D        | Found an ancient bone altar of Kikubaaqudgha.
    78 | D        | Found a glowing silver altar of Zin.
    78 | D        | Noticed a yak
    79 | D        | Found an iron altar of Okawaru.
    80 | D        | Killed a yak
    80 | D        | Reached skill level 15 in Stealth
    80 | D        | Reached XP level 7. HP: 52/60 MP: 7/7
    81 | D        | Found a bloodstained altar of Trog.
   112 | D        | Noticed a centaur warrior
   116 | D        | Noticed Sonja
   120 | D        | Upgraded the game from 0.15-a0-1403-g2cecdf4 to 0.15-a0-1439-g2e54579
   120 | D        | Upgraded the game from 0.15-a0-1439-g2e54579 to 0.15-a0-1472-ge546950
   281 | D        | Mangled by Sonja

Action                   |  1- 3 |  4- 6 |  7- 9 || total
-------------------------+-------+-------+-------++-------
Melee: Dagger            |     2 |     4 |       ||     6
 Fire: Blowgun           |       |       |     8 ||     8
  Use: Potion            |       |       |     3 ||     3
 Stab: Sleeping          |     2 |     4 |       ||     6
